 Dungeon Crawl Stone Soup version 0.23.2-1-ga50397a6bc (webtiles) character file.

Game seed: 14902169669774309561

124 Zoreno the Cudgeler (level 4, -5/41 HPs)
             Began as a Minotaur Berserker on May 22, 2019.
             Was a Believer of Trog.
             Slain by a worm (10 damage)
             ... on level 3 of the Dungeon.
             The game lasted 00:05:34 (2265 turns).

Zoreno the Cudgeler (Minotaur Berserker)            Turns: 2265, Time: 00:05:34

Health: -5/41      AC:  5    Str: 22    XL:     4   Next: 81%
Magic:  3/3        EV: 11    Int:  4    God:    Trog [**....]
Gold:   121        SH:  0    Dex: 10    Spells: 3/3 levels left

rFire    . . .     SeeInvis .   a - +0 mace
rCold    . . .     Gourm    .   (no shield)
rNeg     . . .     Faith    .   f - +0 ring mail
rPois    +         Spirit   .   (helmet restricted)
rElec    .         Reflect  .   (no cloak)
rCorr    .         Harm     .   (no gloves)
MR       .....                  (no boots)
Stlth    +.........             (no amulet)
HPRegen  0.13/turn              i - ring of poison resistance
MPRegen  0.08/turn              (no ring)

@: berserk cooldown, slowed, very slow
A: retaliatory headbutt, horns 2
a: Berserk, Trog's Hand, Renounce Religion


You were on level 3 of the Dungeon.
You worshipped Trog.
Trog was pleased with you.
You were hungry.

You visited 1 branch of the dungeon, and saw 3 of its levels.

You collected 121 gold pieces.

Inventory:

Hand Weapons
 a - a +0 mace (weapon)
 g - a +0 mace
 h - a +0 hand axe
Armour
 b - a +0 animal skin
 f - a +0 ring mail (worn)
Jewellery
 i - a ring of poison resistance (left hand)
Wands
 d - a wand of digging (6)
 l - a wand of acid (10)
Scrolls
 j - 5 scrolls of remove curse
 k - a scroll of identify {unknown}
 m - a scroll of immolation {unknown}
Potions
 e - 5 potions of curing
 n - a potion of agility {unknown}
Comestibles
 c - 2 rations


   Skills:
 * Level 4.7 Fighting
 * Level 5.2 Maces & Flails
 + Level 3.1 Armour
 * Level 2.7 Dodging
 + Level 0.3 Stealth


You had 3 spell levels left.
You didn't know any spells.
Your spell library was empty.

Dungeon Overview and Level Annotations

Branches:
Dungeon (3/15)

Altars:
Zin


Innate Abilities, Weirdness & Mutations

You reflexively headbutt those who attack you in melee.
You have a pair of horns on your head.


Message History

The orc priest hits you with a +0 trident.
* * * LOW HITPOINT WARNING * * *
The orc hits you but does no damage.
There are monsters nearby!
There are monsters nearby!
Aiming: Corrosive Bolt
Press: ? - help, Shift-Dir - straight line, f - orc priest
Aim: an orc priest, wielding a +0 trident and wearing a cursed +0 ring mail The bolt of acid hits the orc priest!
The orc priest is splashed with acid.
You kill the orc priest!
Trog accepts your kill.
Your Armour skill increases to level 3!
The orc hits you but does no damage. The worm bites you.
* * * LOW HITPOINT WARNING * * *
The orc misses you. You furiously retaliate!
You headbutt the orc, but do no damage. The orc barely misses you.
You sock the worm!
The worm is heavily wounded.
The orc barely misses you. The worm bites you!
You die...

##### .#+######...#####
........#...#...#
........#...#...#
........#...+...+ #
......)@#...#...####.#
.....(ow#.....<.#....#
.......))).?....#.##.#
..............#......#
.......?......#.#.#..#
..........(..........#
........)....##.#....#
..............<......#
...$$.........#...รท#.#


You could see a worm and an orc.

Vanquished Creatures
  An orc priest (D:3)
  An orc wizard (D:3)
  An adder (D:3)
  2 dart slugs
  A leopard gecko (D:2)
  5 orcs (D:3)
  3 bats
  A giant cockroach (D:1)
  3 goblins
  3 hobgoblins
  8 jackals (D:3)
  A ball python (D:2)
  8 frilled lizards
  6 kobolds
  6 rats
50 creatures vanquished.

Notes
Turn   | Place    | Note
-------+----------+-------------------------------------------
     0 | D:1      | Zoreno the Minotaur Berserker began the quest for the Orb.
     0 | D:1      | Reached XP level 1. HP: 19/19 MP: 0/0
   290 | D:1      | Reached skill level 4 in Maces & Flails
   295 | D:1      | Reached XP level 2. HP: 26/27 MP: 1/1
   991 | D:2      | Found a glowing silver altar of Zin.
  1106 | D:2      | Reached XP level 3. HP: 30/33 MP: 2/2
  1594 | D:3      | Reached XP level 4. HP: 21/41 MP: 3/3
  1755 | D:3      | Reached ** piety under Trog
  1795 | D:3      | Reached skill level 5 in Maces & Flails
  2265 | D:3      | Slain by a worm

Skill      XL: |  1  2  3  4 |
---------------+-------------+-----
Maces & Flails | 4 5 |  5.2
Fighting       | 4 |  4.7
Armour         | 3 |  3.1
Dodging        | |  2.7
Stealth        | |  0.3

Action                   |  1- 3 |  4- 6 || total
-------------------------+-------+-------++-------
Melee: Mace              |    65 |    18 ||    83
       Headbutt          |     9 |     2 ||    11
Invok: Berserk           |     1 |     2 ||     3
Evoke: Wand              |       |     1 ||     1
  Use: Scroll            |     4 |       ||     4
       Potion            |     5 |     1 ||     6
  Eat: Chunk             |     1 |     2 ||     3
       Ration            |     1 |       ||     1
Armor: Ring mail         |    17 |     9 ||    26
       Animal skin       |     1 |       ||     1
Dodge: Dodged            |    47 |    17 ||    64
